 Dungeon Crawl Stone Soup version 0.28.0-45-g0d030f2227 (webtiles) character file.

Game seed: 17014040934419425081

357 protoss039 the Magician (level 6, 0/48 HPs)
             Began as a Deep Elf Air Elementalist on Apr 4, 2022.
             Slain by an iguana (9 damage)
             ... on level 5 of the Dungeon.
             The game lasted 00:07:13 (4776 turns).

protoss039 the Magician (Deep Elf Air Elementalist) Turns: 4776, Time: 00:07:14

Health: 0/48       AC:  4    Str:  5    XL:     6   Next: 36%
Magic:  12/16      EV: 13    Int: 22    God:
Gold:   217        SH:  0    Dex: 15    Spells: 2/16 levels left

rFire   . . .      SeeInvis .   b - +0 dagger
rCold   . . .      Faith    .   (no shield)
rNeg    . . .      Spirit   .   a - +0 robe
rPois   +          Reflect  .   p - +0 helmet
rElec   .          Harm     .   (no cloak)
rCorr   +          Rampage  .   (no gloves)
Will    .....                   (no boots)
Stlth   ..........              (no amulet)
HPRegen 0.16/turn               d - ring of resist corrosion
MPRegen 0.15/turn               (no ring)

@: confused, berserking (expiring), very quick
A: poison resistance, shaggy fur 1, subdued magic 1
a: no special abilities


You were on level 5 of the Dungeon.
You visited 1 branch of the dungeon, and saw 5 of its levels.

You collected 217 gold pieces.

Inventory:

Hand Weapons
 b - a +0 dagger (weapon)
Armour
 a - a +0 robe (worn)
 p - a +0 helmet (worn)
Jewellery
 d - a ring of resist corrosion (left hand)
Wands
 t - a wand of flame (18)
Scrolls
 c - a scroll of brand weapon {unknown}
 e - a scroll of immolation {unknown}
 g - 2 scrolls of fear {unknown}
 h - a scroll of noise {unknown}
 i - 10 scrolls of identify {unknown}
 j - 2 scrolls of fog {unknown}
 k - 3 scrolls of silence {unknown}
 o - a scroll of holy word {unknown}
 q - a scroll of acquirement {unknown}
 r - a scroll of teleportation {unknown}
Potions
 f - 2 potions of mutation
 l - a potion of curing {unknown}
 m - a potion of lignification {unknown}
 n - a potion of berserk rage
 s - 2 potions of degeneration {unknown}


   Skills:
 - Level 3.0 Dodging
 - Level 4.4 Stealth
 + Level 5.6 Spellcasting
 + Level 3.0 Conjurations
 * Level 0.1 Hexes
 + Level 4.4 Air Magic


You had 2 spell levels left.
You knew the following spells:

 Your Spells              Type           Power      Damage    Failure   Level
a - Shock                 Conj/Air       68%        1d7       1%          1
b - Static Discharge      Conj/Air       17%        N/A       2%          2
c - Swiftness             Air            19%        N/A       3%          3
d - Airstrike             Air            9%         N/A       13%         4
e - Fulminant Prism       Conj/Hex       5%         3d7       38%         4

Your spell library contained the following spells:

 Spells                   Type           Power      Damage    Failure   Level
 Beastly Appendage        Tmut           8%         N/A       8%          1
 Portal Projectile        Hex/Tloc       10%        N/A       24%         3
 Blade Hands              Tmut           2%         N/A       94%         5
 Excruciating Wounds      Necr           2%         N/A       94%         5
 Storm Form               Tmut/Air       6%         N/A       100%        7


Dungeon Overview and Level Annotations

Branches:
Dungeon (5/15)
 Temple: D:4-7

Altars:
Fedhas

Shops:
D:3 ?

Annotations:
D:5 Sigmund


Innate Abilities, Weirdness & Mutations

Your system is resistant to poisons. (rPois)
You are covered in fur. (AC +1)
Your spells are a little easier to cast, but a little less powerful.


Message History

Unknown command.
Unknown command.
Okay, then.
It was a potion of mutation.
You feel extremely strange.
Your connection to magic feels subdued.
You feel resistant to poisons. Fur sprouts all over your body.
Sigmund zaps a wand.
You resist with some effort. The iguana bites you.
Unknown command.
It was a potion of berserk rage.
A red film seems to cover your vision as you go berserk!
You feel yourself moving faster!
You feel mighty! The iguana closely misses you.
Unknown command.
Unknown command.
You hit the iguana.
The iguana is moderately wounded.
Unknown command.
Unknown command.
You hit the iguana but do no damage.
The iguana is moderately wounded.
Sigmund points at you and mumbles some strange words.
You are more confused.
The iguana bites you.
* * * LOW HITPOINT WARNING * * *
Unknown command.
Unknown command.
The bullfrog zombie hits you.
* * * LOW HITPOINT WARNING * * *
Unknown command.
Unknown command.
You are too berserk!
You are too berserk!
You hit the iguana.
The iguana is severely wounded.
The iguana bites you but does no damage.
The bullfrog zombie hits you.
* * * LOW HITPOINT WARNING * * *
Unknown command.
The iguana bites you!
You die...

..........
#........#
#........##
..........#
..........#
.....S....#
........Z.#
...$....<.#
#.....@l@##
##...)..##
########


You could see Sigmund, an iguana, an adder and a bullfrog zombie.

Vanquished Creatures
  2 necrophages
  An orc priest (D:4)
  A hound (D:4)
  Robin (D:2)
  4 adders
  A worm (D:4)
  2 dart slugs (D:1)
  3 orcs (D:4)
  2 endoplasms
  2 giant cockroaches
  15 goblins
  10 hobgoblins
  2 quokkas
  6 ball pythons
  4 bats
  3 frilled lizards
  5 kobolds
  4 rats
68 creatures vanquished.

Vanquished Creatures (others)
  4 plants (D:4)
4 creatures vanquished.

Grand Total: 72 creatures vanquished

Notes
Turn   | Place    | Note
-------+----------+-------------------------------------------
     0 | D:1      | protoss039 the Deep Elf Air Elementalist began the quest
                  | for the Orb.
     0 | D:1      | Reached XP level 1. HP: 10/10 MP: 6/6
   185 | D:1      | Reached XP level 2. HP: 15/15 MP: 8/8
   247 | D:1      | You fall into a shaft and drop 1 floor!
   432 | D:2      | Noticed Robin
   456 | D:2      | Killed Robin
   457 | D:2      | Reached XP level 3. HP: 15/19 MP: 0/10
  1703 | D:1      | Reached XP level 4. HP: 17/24 MP: 5/11
  1808 | D:1      | Reached skill level 4 in Spellcasting
  2267 | D:1      | Found a faded altar of an unknown god.
  2365 | D:1      | Learned a level 2 spell: Static Discharge
  2369 | D:1      | Learned a level 3 spell: Swiftness
  2374 | D:1      | Learned a level 4 spell: Airstrike
  3206 | D:3      | Found Ygaczon's Magic Scroll Shop.
  3290 | D:4      | Noticed a necrophage
  3317 | D:3      | Killed a necrophage
  3318 | D:3      | Reached XP level 5. HP: 10/28 MP: 0/14
  3810 | D:4      | Noticed a necrophage
  3822 | D:4      | Killed a necrophage
  3823 | D:4      | Reached skill level 5 in Spellcasting
  3823 | D:4      | Reached XP level 6. HP: 32/32 MP: 2/15
  4482 | D:4      | Got the Papyrus of Hexes and Transformation
  4483 | D:4      | Found a blossoming altar of Fedhas.
  4756 | D:4      | Learned a level 4 spell: Fulminant Prism
  4762 | D:5      | Entered Level 5 of the Dungeon
  4763 | D:5      | Noticed Sigmund
  4770 | D:5      | Gained mutation: Your spells are a little easier to cast,
                  | but a little less powerful. [potion of mutation]
  4770 | D:5      | Gained mutation: Your system is resistant to poisons.
                  | (rPois) [potion of mutation]
  4770 | D:5      | Gained mutation: You are covered in fur. (AC +1) [potion of
                  | mutation]
  4776 | D:5      | Slain by an iguana

Illustrated notes

Levels and vault maps discovered:
D:1:      dpeg_arrival_rhombi, layout_loops_ring,
          shapermc_ecumenical_altar_mp_vishouse, hangedman_glass_teeth
D:2:      minmay_general_purpose_star, layout_basic, minmay_pentomino_r2,
          uniq_robin
D:3:      layout_loops_ring, serial_shops, shop, dk_noncrumbling_4,
          minmay_splitting_lines
D:4:      layout_cave_pools, overflow_temple_1_default, chequers_big_river
D:5:      layout_rooms, uniq_blork_the_orc, uniq_sigmund

Skill      XL: |  1  2  3  4  5  6 |
---------------+-------------------+-----
Stealth        | 3 4 |  4.4
Dodging        | 3 |  3.0
Spellcasting   | 4 5 |  5.6
Conjurations   | 2 3 |  3.0
Air Magic      | 4 |  4.4
Hexes          | |  0.1

Action                   |  1- 3 |  4- 6 || total
-------------------------+-------+-------++-------
Melee: Dagger            |    34 |    26 ||    60
 Cast: Shock             |    60 |    57 ||   117
       Static Discharge  |       |    11 ||    11
       Airstrike         |       |     2 ||     2
  Use: Potion            |       |     2 ||     2
 Stab: Sleeping          |     2 |     2 ||     4
Armor: Robe              |     7 |     6 ||    13
Dodge: Dodged            |    29 |    22 ||    51
